 Dungeon Crawl Stone Soup version 0.17-a0-1133-gfb1399f (webtiles) character file.

10 Hanyuu the Insei (level 2, 17/18 HPs)
             Began as an Octopode Transmuter on May 25, 2015.
             Quit the game on level 1 of the Dungeon.
             The game lasted 00:01:01 (670 turns).

Hanyuu the Insei (Octopode Transmuter)               Turns: 670, Time: 00:01:01

Health: 17/18      AC:  1    Str:  9    XL:     2   Next: 20%
Magic:  5/5        EV: 12    Int: 15    God:
Gold:   16         SH:  0    Dex: 12    Spells: 1 memorised, 4 levels left

rFire  . . .     SeeInvis .       - Unarmed
rCold  . . .     Clarity  .     (no shield)
rNeg   . . .     SustAt   .     (helmet restricted)
rPois  .         Gourm    .     (no amulet)
rElec  .         Spirit   .     (no ring)
rCorr  .         Warding  .     (no ring)
rMut   .         Stasis   .     (no ring)
MR     .....                    (no ring)
Stlth  ++........               (no ring)
                                (no ring)
                                (no ring)
                                (no ring)

@: not resistant to hostile enchantments, unstealthy
A: almost no armour, amphibious, 8 rings, constrict 8, camouflage 1, gelatinous
body 1
a: no special abilities


You were on level 1 of the Dungeon.
You were not hungry.

You visited 1 branch of the dungeon, and saw 1 of its levels.

You collected 16 gold pieces.

Inventory:

Missiles
 a - 12 arrows
Scrolls
 d - a scroll of identify {unknown}
 e - a scroll of fog {unknown}
 f - a scroll of teleportation {unknown}
Potions
 g - 2 potions of agility {unknown}
 h - a potion of heal wounds {unknown}
 i - a potion of cure mutation {unknown}
Books
 b - a book of Changes

   Spells                             Type                      Level
   a - Beastly Appendage              Transmutation                1
   b - Sticks to Snakes               Transmutation                2
   c - Spider Form                    Transmutation/Poison         3
   d - Ice Form                       Ice/Transmutation            4
   e - Blade Hands                    Transmutation                5
Comestibles
 c - a bread ration


   Skills:
 - Level 1.0 Fighting
 - Level 2.0 Dodging
 + Level 3.6 Unarmed Combat
 - Level 2.0 Spellcasting
 - Level 2.0 Transmutations


You had 4 spell levels left.
You knew the following spells:

 Your Spells              Type           Power        Failure   Level  Hunger
a - Beastly Appendage     Trmt           #.....       12%         1    #......


Dungeon Overview and Level Annotations

Branches:
Dungeon (1/15)

Altars:


Innate Abilities, Weirdness & Mutations

You cannot wear most types of armour.
You are amphibious.
You can wear up to eight rings at the same time.
You can use your tentacles to constrict eight enemies at once.
Your skin changes colour to match your surroundings (Stealth).
Your rubbery body absorbs attacks (AC +1).


Message History

You see here a bat corpse.
A goblin comes into view. It is wielding a club.
The goblin shouts!
You tentacle-slap the goblin. Your grab misses the goblin.
Your squeeze misses the goblin.
The goblin is severely wounded.
The goblin barely misses you.
You closely miss the goblin. Your grab misses the goblin.
The goblin is severely wounded.
The goblin hits you with a club.
You closely miss the goblin. Your grab misses the goblin.
The goblin is severely wounded.
The goblin completely misses you.
You tentacle-slap the goblin.
You kill the goblin!
No target in view!
Things that are here:
a club; a goblin corpse Done exploring.
Are you sure you want to abandon this character and quit the game? (Confirm with "yes".)

#..#.........######...#######
####..#....⌠......##.......##..#
......#[........##..........##.#
##..#.##.......####....<....##.#
##..#.####...### #.........##.#
#..#.# ####.### ##.......###.#
##..#.# ###...######...### #.#
......# ##.......######### #.##
##.#### #......@....##...####.#.
...# #....⌠....##..(#...##...
##.# #.........###.##..#####.
#.# ##.......##........# ## #.#
###...###)..#..#### # #.#
#######.###### # #.# ####.##..#
# #.# ####....###.# # #.#
#......(# #.# #


There were no monsters in sight!

Vanquished Creatures
  2 goblins (D:1)
  A hobgoblin (D:1)
  A kobold (D:1)
  2 bats (D:1)
  A giant newt (D:1)
  4 rats (D:1)
11 creatures vanquished.

Notes
Turn   | Place    | Note
--------------------------------------------------------------
     0 | D:1      | Hanyuu the Octopode Transmuter began the quest for the Orb.
     0 | D:1      | Reached XP level 1. HP: 13/13 MP: 3/3
   403 | D:1      | Reached XP level 2. HP: 9/18 MP: 5/5
   670 | D:1      | Quit the game

Vault maps used:
D:1:      dpeg_arrival_three_same_balls, patterned_corridor

Action                   || total
-------------------------++-------
Melee: Unarmed           ||    21
 Stab: Sleeping          ||     3
